 Dungeon Crawl Stone Soup version 0.31-a0-152-g6aa68a64a1 (webtiles) character file.

Game seed: 14036348668925996919

595 Deathsdoor1305 the Grave Robber (level 7, -3/46 HPs)
             Began as a Mummy Necromancer on June 11, 2023.
             Slain by an ogre
             ... wielding a +0 giant club
              (32 damage)
             ... on level 5 of the Dungeon.
             The game lasted 00:32:33 (4104 turns).

Deathsdoor1305 the Grave Robber (Mummy Necromancer) Turns: 4104, Time: 00:32:34

Health: -3/46      AC:  6    Str: 11    XL:     7   Next: 16%
Magic:  4/16       EV: 12    Int: 16    God:
Gold:   262        SH:  0    Dex: 13    Spells: 10/18 levels left

rFire   x x .        o - +4 quarterstaff (chaos)
rCold   + + .        (shield currently unavailable)
rNeg    + + +        a - +1 robe
rPois   ∞            r - +1 helmet {SInv}
rElec   .            k - +0 cloak
rCorr   .            (no gloves)
SInv    +            (no boots)
Will    .....        (no amulet)
Stlth   ++           s - ring of ice
HPRegen 0.27/turn    (no ring)
MPRegen 0.15/turn

%: faith
@: no status effects
A: cold resistance 1, negative energy resistance 3, torment resistance 2, heat
vulnerability 1, in touch with death 1, no potions, faith
a: no special abilities


You were on level 5 of the Dungeon.
You visited 1 branch of the dungeon, and saw 5 of its levels.

You collected 262 gold pieces.

Inventory:

Hand Weapons
 o - a +4 quarterstaff of chaos (weapon)
Missiles
 i - 4 curare-tipped darts
 j - 4 poisoned darts
Armour
 a - a +1 robe (worn)
 k - a +0 cloak (worn)
 r - a +1 helmet of see invisible (worn)
Jewellery
 s - a ring of ice (left hand)
 t - the ring of Foolhardiness {Ice rN+ Int-3 Dex+4}
   (You found it on level 4 of the Dungeon)

   [ring of ice]

   It enhances your ice magic.
   Int:       It affects your intelligence (-3).
   Dex:       It affects your dexterity (+4).
   rF:        It makes you vulnerable to fire.
   rC:        It protects you from cold.
   rN:        It protects you from negative energy.
Wands
 u - a wand of paralysis (11)
 w - a wand of mindburst (15)
Scrolls
 c - 2 scrolls of amnesia
 d - a scroll of identify
 f - a scroll of enchant armour
 v - a scroll of immolation
Potions
 b - a potion of heal wounds {unknown}
 e - 5 potions of brilliance {a}
 g - 2 potions of enlightenment {unknown}
 h - 2 potions of invisibility {unknown}
 l - a potion of resistance {unknown}
 m - a potion of magic {unknown}
 n - a potion of might {unknown}
 p - a potion of cancellation {unknown}
 q - a potion of curing {unknown}
 x - a potion of lignification {unknown}


   Skills:
 - Level 1.8 Dodging
 - Level 1.5 Stealth
 + Level 6.0 Spellcasting
 * Level 7.3 Necromancy


You had 10 spell levels left.
You knew the following spells:

 Your Spells              Type           Power      Damage    Failure   Level
a - Necrotise             Necr           100%       1d9       1%          1
b - Vampiric Draining     Necr           42%        2d9       1%          3
c - Animate Dead          Necr           42%        N/A       7%          4

Your spell library contained the following spells:

 Spells                   Type           Power      Damage    Failure   Level
 Agony                    Necr           42%        N/A       19%         5


Dungeon Overview and Level Annotations

Branches:
Dungeon (5/15)
 Temple: D:4-7

Altars:

Shops:
D:4 *


Innate Abilities, Weirdness & Mutations

You are immune to poison.
Your flesh is cold resistant. (rC+)
You are immune to negative energy. (rN+++)
You are immune to unholy pain and torment.
You are vulnerable to heat. (rF-)
You are in touch with the powers of death.
You do not drink.
You have a special connection with the divine. (Faith)


Message History

The orc priest calls upon Beogh to heal the orc.
The orc's wounds heal themselves!
Aiming: Paralyse
Press: ? - help, Shift-Dir - straight line, f/p - orc
Aim: an orc, wielding a +0 mace (chance to affect: 66%)
The orc struggles to resist.
You feel a surge of power!
The orc writhes in agony.
The orc closely misses you.
You feel a surge of power!
The orc writhes in agony!
You kill the orc!
The dead are walking!
An ogre comes into view. It is wielding a +0 giant club.
The ogre shouts!
An iguana comes into view.
The ogre hits you with a +0 giant club! Something hits your orc skeleton!
Your orc skeleton is destroyed!
The iguana hisses angrily.
A black bear comes into view.
The ogre attacks as you move away! The ogre barely misses you.
The orc attacks as you move away! The orc barely misses you.
A gnoll comes into view. It is wielding a +0 flail.
You feel a surge of power!
The orc writhes in agony!
You kill the orc!
The dead are walking!
The orc priest looks satisfied for a moment.
You feel a surge of power!
The ogre writhes in agony.
The gnoll shouts!
You hear a shout!
You hear a bark!
You hear a shout!
You hear an angry hiss.
The black bear barely misses your orc skeleton.
The black bear claws your orc skeleton. x2; The ogre misses you.
An orc comes into view. It is wielding a +0 hand axe.
The orc priest miscasts a cantrip.
The iguana bites your orc skeleton!
Your orc skeleton is destroyed!
You hear a shout!
The orc shouts!
You feel a surge of power!
The ogre writhes in agony!
A hound comes into view.
The ogre hits you with a +0 giant club!!
Ouch! That really hurt!
You die...

#..# #....#.# # #..##.#..#.#
#. #..#......#### #..
##............ #..#
##..##...###### #..#
##.o###..)#..#..
#og###..#.##..o...o..
#h.#hl#.###.#.#....#
#.@O#.#.##.#....#..
#########.......#.#
#...##......)#####.##.#
#...##.###...# #..#.# ######
#...##+###.#######..###
....<# #...#............... .
.....# #...#.............# .
.....# #...#.............#
.....######...#.............#


You could see a black bear, an ogre, an iguana, a hound, an orc priest, a gnoll
and an orc.

Vanquished Creatures
  A black bear (D:4)
  A phantom (D:4)
  Crazy Yiuf (D:3)
  3 iguanas
  A sleepcap (D:5)
  Natasha (thrice) (D:3)
  An orc wizard (D:5)
  2 adders
  A worm (D:3)
  2 dart slugs
  10 orcs
  6 endoplasms
  4 giant cockroaches (D:1)
  5 hobgoblins
  9 jackals
  3 kobolds
  4 quokkas
  3 ball pythons
  5 bats
  A frilled lizard (D:1)
  4 goblins
  4 rats
74 creatures vanquished.

Vanquished Creatures (collateral kills)
  An ogre (D:5)
  3 endoplasms
  A goblin (D:2)
  2 ball pythons (D:1)
  A bat (D:3)
  A frilled lizard (D:1)
  A kobold (D:2)
  A rat (D:3)
11 creatures vanquished.

Grand Total: 85 creatures vanquished

Notes
Turn   | Place    | Note
-------+----------+-------------------------------------------
     0 | D:1      | Deathsdoor1305 the Mummy Necromancer began the quest for
                  | the Orb.
     0 | D:1      | Reached XP level 1. HP: 13/13 MP: 4/4
   146 | D:1      | Reached XP level 2. HP: 6/19 MP: 1/5
   506 | D:1      | Gained mutation: You are in touch with the powers of death.
                  | [Mummy growth]
   506 | D:1      | Reached XP level 3. HP: 24/24 MP: 5/7
   544 | D:1      | Learned a level 3 spell: Vampiric Draining
  1106 | D:2      | Reached skill level 5 in Necromancy
  1583 | D:3      | Reached XP level 4. HP: 30/30 MP: 7/9
  1659 | D:3      | Noticed Natasha
  1750 | D:3      | Killed Natasha
  2119 | D:3      | Noticed Natasha
  2122 | D:3      | Killed Natasha
  2136 | D:3      | Reached XP level 5. HP: 35/35 MP: 7/11
  2388 | D:3      | Found a runed translucent door.
  2389 | D:3      | Noticed Crazy Yiuf
  2396 | D:3      | Killed Crazy Yiuf
  2483 | D:3      | Noticed Natasha
  2490 | D:3      | Killed Natasha
  2500 | D:3      | Learned a level 4 spell: Animate Dead
  2811 | D:4      | Reached skill level 6 in Necromancy
  3024 | D:4      | Found Rilia's General Store.
  3209 | D:4      | Noticed a phantom
  3222 | D:4      | Killed a phantom
  3223 | D:4      | Reached skill level 5 in Spellcasting
  3223 | D:4      | Reached XP level 6. HP: 26/41 MP: 11/13
  3308 | D:4      | Identified the ring of Foolhardiness {Ice rN+ Int-3 Dex+4}
  3927 | D:5      | Entered Level 5 of the Dungeon
  4009 | D:5      | Reached skill level 7 in Necromancy
  4041 | D:5      | Reached XP level 7. HP: 28/46 MP: 3/16
  4104 | D:5      | Slain by an ogre

Illustrated notes

Levels and vault maps discovered:
D:1:      elethiomel_arrival_infinity_welcomes_careful_drivers, layout_rooms,
          st_stairs_13
D:2:      layout_basic
D:3:      layout_loops_ring, mainiacjoe_overflow_six_doors_small,
          uniq_crazy_yiuf_cottage, uniq_natasha
D:4:      layout_basic, serial_shops, nicolae_shop_rolling_square,
          dreamdust_wishing_well
D:5:      minmay_diamond_boxcup, layout_basic, serial_bayou_lake_a

Skill      XL: |  1  2  3  4  5  6 |
---------------+-------------------+-----
Spellcasting   | 3 4 5 6 |  6.0
Necromancy     | 5 6 7 |  7.3
Dodging        | |  1.8
Stealth        | |  1.5

Action                     |  1- 3 |  4- 6 |  7- 9 || total
---------------------------+-------+-------+-------++-------
  Melee: Unarmed           |    37 |       |       ||    37
         Quarterstaff      |       |    11 |       ||    11
   Cast: Necrotise         |    63 |    72 |     8 ||   143
         Vampiric Draining |       |     7 |       ||     7
         Animate Dead      |       |     1 |       ||     1
  Evoke: Wand              |       |       |     1 ||     1
    Use: Scroll            |     2 |     3 |       ||     5
 Armour: Robe              |     8 |    10 |       ||    18
  Dodge: Dodged            |    30 |    25 |     4 ||    59

Table legend: (Time is in decaauts)
 A = Elapsed time spent in this place.
 B = Non-inter-level travel time spent in this place.
 C = Inter-level travel time spent in this place.
 D = Time resting spent in this place.
 E = Time spent auto-exploring this place.
 F = Levels seen in this place.
 G = Mean time per level.
                   A        B        C        D        E       F      G
               +--------+--------+--------+--------+--------+-----+--------+
         Total |   4108 |   2582 |   1526 |      0 |   1758 |   5 |  821.6 |
       Dungeon |   4108 |   2582 |   1526 |      0 |   1758 |   5 |  821.6 |
               +--------+--------+--------+--------+--------+-----+--------+

Top non-repeatable levels by time:
     D:3: 1175 daAuts
     D:4: 1099 daAuts
     D:1: 854 daAuts
     D:2: 800 daAuts
     D:5: 177 daAuts
